 Dungeon Crawl Stone Soup version 0.28.0 (webtiles) character file.

Game seed: 14497020188204774161

44 benadryl the Skirmisher (level 3, -7/24 HPs)
             Began as a Gargoyle Monk on Feb 15, 2022.
             Mangled by Sigmund (10 damage)
             ... on level 2 of the Dungeon.
             The game lasted 00:03:36 (2342 turns).

benadryl the Skirmisher (Gargoyle Monk)             Turns: 2342, Time: 00:03:36

Health: -7/24      AC: 12    Str: 16    XL:     3   Next: 60%
Magic:  3/3        EV:  7    Int: 10    God:
Gold:   92         SH:  0    Dex: 12    Spells: 2/2 levels left

rFire   . . .      SeeInvis .   a - +0 hand axe
rCold   . . .      Faith    .   (no shield)
rNeg    + . .      Spirit   .   i - +0 chain mail
rPois   ∞          Reflect  .   (no helmet)
rElec   +          Harm     .   (no cloak)
rCorr   .          Rampage  .   (no gloves)
Will    .....                   f - +0 pair of boots
Stlth   ..........              (no amulet)
HPRegen 0.08/turn               (no ring)
MPRegen 0.08/turn               (no ring)

@: about to teleport
A: sickness immunity, AC +3, negative energy resistance 1, electricity
resistance, torment resistance 1, petrification resistance
a: no special abilities


You were on level 2 of the Dungeon.
You visited 1 branch of the dungeon, and saw 2 of its levels.

You collected 92 gold pieces.

Inventory:

Hand Weapons
 a - a +0 hand axe (weapon)
Armour
 f - a +0 pair of boots (worn)
 i - a +0 chain mail (worn)
Scrolls
 c - a scroll of blinking {unknown}
 h - a scroll of enchant weapon {unknown}


   Skills:
 + Level 3.9 Fighting
 * Level 3.7 Axes
 - Level 2.4 Dodging
 - Level 2.1 Stealth


You had 2 spell levels left.
You didn't know any spells.
Your spell library was empty.

Dungeon Overview and Level Annotations

Branches:
Dungeon (2/15)

Altars:

Annotations:
D:2 Sigmund


Innate Abilities, Weirdness & Mutations

You are immune to sickness and miasma.
Your stone body is resilient. (AC +3)
You are immune to poison.
You resist negative energy. (rN+)
You are resistant to electric shocks. (rElec)
You are resistant to unholy torment.
You are immune to petrification.


Message History

You resist with significant effort.
Sigmund's eyes start glowing with a red light.
Sigmund barely misses you.
You hit Sigmund. Your punch misses Sigmund.
Sigmund is lightly wounded.
Sigmund hits you with a +0 scythe.
You hit Sigmund.
Sigmund is moderately wounded.
Sigmund hits you but does no damage.
You hit Sigmund.
Sigmund is moderately wounded.
You barely miss Sigmund.
Sigmund is moderately wounded.
Sigmund hits you but does no damage.
You hit Sigmund.
Sigmund is heavily wounded.
Sigmund casts a spell.
Sigmund flickers and vanishes!
Deactivating autopickup; reactivate with Ctrl-A.
You barely miss something.
You hear some strange, mumbled words.
A magic dart appears from out of thin air!
The magic dart hits you.
You hit something. Something hits you but does no damage.
You miss something. Something hits you!
You barely miss something. Something hits you but does no damage.
You miss something. You closely miss something.
Something hits you but does no damage.
You hit something. Something hits you but does no damage.
You hit something. Your punch misses something. Something hits you.
You miss something. You miss something. Something hits you.
* * * LOW HITPOINT WARNING * * *
You feel better. Something hits you but does no damage.
You hit something. You miss something. Something hits you.
* * * LOW HITPOINT WARNING * * *
As you read the scroll of teleportation, it crumbles to dust.
You feel strangely unstable. Something hits you!
You die...

##.. ... #..
... ##.## .g.
######{#####
#.....@....###
#.............
#..###.###.#..
#. #.....#
###.#####
#.......#
#.....### ##.
#.....# #. ..
#.....###..#


You could see a hobgoblin.

Vanquished Creatures
  An adder (D:2)
  A dart slug (D:1)
  4 bats
  3 endoplasms
  A giant cockroach (D:1)
  3 goblins
  2 hobgoblins (D:2)
  2 quokkas (D:1)
  5 ball pythons
  A frilled lizard (D:1)
  2 kobolds (D:2)
  6 rats
31 creatures vanquished.

Notes
Turn   | Place    | Note
-------+----------+-------------------------------------------
     0 | D:1      | benadryl the Gargoyle Monk began the quest for the Orb.
     0 | D:1      | Reached XP level 1. HP: 14/14 MP: 1/1
   277 | D:1      | Reached XP level 2. HP: 19/19 MP: 2/2
   866 | D:2      | Noticed Sigmund
  1754 | D:2      | Reached XP level 3. HP: 9/24 MP: 3/3
  2342 | D:2      | Mangled by Sigmund

Illustrated notes

Levels and vault maps discovered:
D:1:      wander_arrival_peaceful_grave, layout_basic
D:2:      layout_basic, uniq_sigmund

Skill      XL: |  1 |
---------------+----+-----
Axes           | 3 |  3.7
Fighting       | |  3.9
Dodging        | |  2.4
Stealth        | |  2.1

Action                   || total
-------------------------++-------
Melee: Hand axe          ||   103
  Use: Potion            ||     3
       Scroll            ||     2
Armor: Robe              ||     4
       Scale mail        ||    40
       Chain mail        ||    11
Dodge: Dodged            ||    63
